 Dungeon Crawl Stone Soup version 0.25.1-2-g60ff931df9 (webtiles) character file.

Game seed: 9709392868607253125

1424 hjallnonce the Cleaver (level 8, -3/69 (70) HPs)
             Began as a Minotaur Fighter on Nov 26, 2020.
             Was a Follower of Okawaru.
             Slain by Menkaure (20 damage)
             ... on level 7 of the Dungeon.
             The game lasted 00:26:47 (6477 turns).

hjallnonce the Cleaver (Minotaur Fighter)           Turns: 6477, Time: 00:26:48

HP:   -3/69 (70)    AC:  9    Str: 23    XL:     8   Next: 44%
MP:   7/7           EV:  8    Int:  5    God:    Okawaru [*.....]
Gold: 207           SH: 11    Dex: 10    Spells: 7/7 levels left

rFire    . . .     SeeInvis .   t - +3 war axe
rCold    . . .     Gourm    .   c - +1 kite shield
rNeg     . . .     Faith    .   b - +0 scale mail
rPois    .         Spirit   .   (helmet restricted)
rElec    .         Reflect  .   (no cloak)
rCorr    .         Harm     .   (no gloves)
MR       .....                  i - +0 pair of boots
Stlth    +.........             (no amulet)
HPRegen  0.21/turn              n - ring of stealth
MPRegen  0.10/turn              (no ring)

@: studying Dodging
A: retaliatory headbutt, horns 2
a: Heroism, Renounce Religion


You were on level 7 of the Dungeon.
You worshipped Okawaru.
Okawaru was aware of your devotion.
You were not hungry.

You visited 2 branches of the dungeon, and saw 8 of its levels.

You collected 207 gold pieces.

Inventory:

Hand Weapons
 a - a +0 war axe
 p - a +1 hand axe of flaming
 t - a +3 war axe (weapon)
 v - a +1 hunting sling of freezing
Missiles
 e - 259 stones
 G - 20 sling bullets (quivered)
Armour
 b - a +0 scale mail (worn)
 c - a +1 kite shield (worn)
 i - a +0 pair of boots (worn)
Jewellery
 g - a cursed ring of teleportation
 l - the ring "Leruo" {*Contam +Fly Str+7 Int+3 SInv, unknown}
   (You found it on level 4 of the Dungeon)

   [ring of flight]

   It affects your strength (+7).
   It affects your intelligence (+3).
   It lets you see invisible.
   It lets you fly.
   It causes magical contamination when unequipped.
 m - an uncursed amulet of magic regeneration
 n - a ring of stealth (left hand)
 w - an uncursed amulet of reflection {unknown}
 y - an uncursed ring of poison resistance
Wands
 u - a wand of random effects (17)
 C - a wand of flame (15)
Scrolls
 j - 5 scrolls of identify
 q - a scroll of remove curse
 z - a scroll of torment {unknown}
 D - a scroll of teleportation {unknown}
 F - a scroll of fog
 H - a scroll of random uselessness {unknown}
Potions
 d - a potion of might
 h - 2 potions of resistance {unknown}
 k - 3 potions of curing
 o - 2 potions of mutation {unknown}
 r - a potion of brilliance {unknown}
 x - a potion of flight {unknown}
 A - 2 potions of lignification {unknown}
 B - a potion of degeneration {unknown}
Books
 E - a manual of Dodging
Comestibles
 f - 7 rations
 s - 6 chunks of flesh


   Skills:
 + Level 5.9 Fighting
 + Level 8.1 Axes
 + Level 7.2 Armour
 - Level 0.3 Dodging
 + Level 6.9 Shields


You had 7 spell levels left.
You didn't know any spells.
Your spell library was empty.

Dungeon Overview and Level Annotations

Branches:
Dungeon (7/15)             Temple (1/1) D:4

Altars:
Ashenzari
Cheibriados
Elyvilon
Fedhas
Gozag
Hepliaklqana
Kikubaaqudgha
Makhleb
Nemelex Xobeh
Okawaru
Qazlal
Ru
Trog
Vehumet
Wu Jian
Xom
Yredelemnul
Zin
The Shining One

Shops:
D:4 (=*?%

Annotations:
D:7 Menkaure


Innate Abilities, Weirdness & Mutations

You reflexively headbutt those who attack you in melee.
You have a pair of horns on your head.


Message History

Aim: Menkaure (lightly damaged, fast)
You shoot a stone. The stone barely misses Menkaure.
Menkaure calls on the powers of darkness!
Your body is wracked with pain!
Firing (i - inventory. (/) - cycle)
e - 260 stones (quivered)
Press: ? - help, Shift-Dir - straight line, f/p - Menkaure
Aim: Menkaure (lightly damaged, fast)
You shoot a stone.
The stone hits Menkaure but does no damage.
Menkaure is lightly damaged.
Menkaure casts a spell at you. Pain shoots through your body!
Your +1 hunting sling of freezing stops glowing.
t - a +3 war axe (weapon)
Menkaure hits you!
* * * LOW HITPOINT WARNING * * *
You slash Menkaure! You headbutt Menkaure.
Menkaure is heavily damaged.
Menkaure hits you!!
You die...

#..........# #....
#.#...#.###.###..##### #.###
#.....#.#.....#......# #....
.....#.#.....#......# #####
#.#......_.........# #
.....#.....#.#....# #
.#####...#.....#.#....# #
.....M...###.###.##############
#.(.(.(M@..# ...........#
#......################..
##.##..##.............#..
#.............######....
########.####.#.........
####### #............##..
#...<.########.###.#.####
#.....'..........#...# #
#.....###...##.#.##.## #


You could see Menkaure (fast).

Vanquished Creatures
  An orc warrior (D:7)
  A necrophage (D:6)
  2 centaurs
  2 bullfrogs
  A gnoll sergeant (D:4)
  A scorpion (D:7)
  A water moccasin skeleton (D:6)
  A centaur zombie (D:7)
  A crimson imp (D:6)
  2 orc priests (D:4)
  A hound (D:4)
  5 orc wizards
  A bullfrog skeleton (D:4)
  7 worker ants
  A hound skeleton (D:3)
  6 adders
  11 gnolls
  2 river rats (D:4)
  2 worms
  2 dart slugs (D:1)
  4 leopard geckos
  15 orcs
  4 giant cockroaches
  3 goblins
  11 hobgoblins
  16 jackals
  3 quokkas
  A ball python (D:1)
  10 bats
  3 frilled lizards
  4 kobolds
  A quokka skeleton (D:4)
  11 rats
137 creatures vanquished.

Notes
Turn   | Place    | Note
-------+----------+-------------------------------------------
     0 | D:1      | hjallnonce the Minotaur Fighter began the quest for the
                  | Orb.
     0 | D:1      | Reached XP level 1. HP: 19/19 MP: 0/0
   115 | D:1      | Reached XP level 2. HP: 27/27 MP: 1/1
   540 | D:1      | Reached XP level 3. HP: 33/33 MP: 2/2
   709 | D:2      | Reached skill level 3 in Axes
  1281 | D:2      | Reached XP level 4. HP: 38/40 MP: 3/3
  1729 | D:3      | Reached XP level 5. HP: 45/47 MP: 4/4
  1731 | D:3      | Reached skill level 5 in Armour
  1739 | D:3      | Reached skill level 4 in Axes
  2789 | D:4      | Found Piuchoiw's Jewellery Shop.
  2791 | D:4      | Found Lucwo's Weapon Shoppe.
  2842 | D:4      | Reached XP level 6. HP: 27/53 MP: 5/5
  3005 | D:4      | Reached skill level 5 in Axes
  3005 | D:4      | Reached skill level 5 in Shields
  3007 | D:4      | Got a steaming platinum ring
  3272 | D:4      | Found Nyfe's Assorted Antiques.
  3362 | D:4      | Found a radiant altar of Vehumet.
  3403 | D:4      | Found Taff's Food Emporium.
  3417 | D:4      | Found a staircase to the Ecumenical Temple.
  3426 | D:4      | Found Toschim's Magic Scroll Shoppe.
  3564 | D:4      | Reached skill level 5 in Fighting
  3669 | D:4      | Reached XP level 7. HP: 56/61 MP: 6/6
  3675 | D:4      | Reached skill level 6 in Axes
  4118 | Temple   | Entered the Ecumenical Temple
  4166 | Temple   | Became a worshipper of Warmaster Okawaru
  4200 | D:5      | Entered Level 5 of the Dungeon
  5348 | D:6      | Found an opulent altar of Gozag.
  5860 | D:6      | Reached skill level 7 in Axes
  5864 | D:6      | Reached XP level 8. HP: 66/68 MP: 7/7
  6321 | D:7      | Reached * piety under Okawaru
  6321 | D:7      | Reached skill level 8 in Axes
  6432 | D:7      | Found an ancient bone altar of Kikubaaqudgha.
  6458 | D:7      | Noticed Menkaure
  6477 | D:7      | Slain by Menkaure

Illustrated notes

Levels and vault maps discovered:
D:1:      dpeg_arrival_pond, layout_loops_ring, minmay_misc_feat_cross
D:2:      layout_rooms, nicolae_overflow_hidden_temple
D:3:      layout_loops_ring, first_ration, serial_aquarium,
          aquarium_bridge_straight [aquarium_subvault_bridge,
          aquarium_subvault_wall, aquarium_subvault_bridge,
          aquarium_subvault_wall], aquarium_bridge_square
          [aquarium_subvault_bridge, aquarium_subvault_window,
          aquarium_subvault_window, aquarium_subvault_wall], aquarium_window_1,
          aquarium_window_2, aquarium_view_2d, aquarium_view_2e,
          aquarium_balcony_3a, aquarium_pool_1
D:4:      layout_cave_pools, vehumet_altar_wand_db,
          minmay_temple_entry_junction, serial_shops, nicolae_shop_waterfront,
          nicolae_shop_stone, shop, shop, nicolae_shop_stone,
          gup_sewer_entry_bubbles, nrook_campfire, minmay_manual_mandibuliform
D:5:      layout_basic
D:6:      layout_basic, lemuel_crystal_altar
D:7:      layout_basic, nicolae_overflow_crystal_walls, grunt_livestock,
          elyvilon_altar_5, uniq_menkaure
Temple:   nicolae_temple_x_marks_the_god

Skill      XL: |  1  2  3  4  5  6  7  8 |
---------------+-------------------------+-----
Fighting       | 4 5 |  5.9
Armour         | 4 5 6 7 |  7.2
Shields        | 4 5 6 |  6.9
Axes           | 3 4 5 7 8 |  8.1
Dodging        | |  0.3

Action                   |  1- 3 |  4- 6 |  7- 9 || total
-------------------------+-------+-------+-------++-------
Melee: War axe           |    92 |   147 |   106 ||   345
       Headbutt          |     6 |    32 |    27 ||    65
       Hunting sling     |     1 |       |       ||     1
 Fire: Hunting sling     |     6 |       |     3 ||     9
  Use: Scroll            |     3 |     2 |     6 ||    11
  Eat: Ration            |     1 |       |     1 ||     2
       Chunk             |       |     6 |     5 ||    11
Armor: Scale mail        |    44 |    67 |    33 ||   144
Dodge: Dodged            |    30 |    61 |    29 ||   120
Block: Kite shield       |    47 |    93 |    72 ||   212
